 Dungeon Crawl Stone Soup version 0.25-a0-589-g1e14c549ee (webtiles) character file.

Game seed: 6721292390096276982, levelgen mode: deterministic

270 Devinter the Magician (level 6, -5/44 HPs)
             Began as a Mummy Necromancer on Mar 9, 2020.
             Killed by divine providence
             ... invoked by an orc priest
              (11 damage)
             ... on level 3 of the Dungeon.
             The game lasted 00:21:35 (2619 turns).

Devinter the Magician (Mummy Necromancer)           Turns: 2619, Time: 00:21:37

Health: -5/44      AC:  4    Str: 12    XL:     6   Next: 1%
Magic:  5/14       EV: 12    Int: 16    God:
Gold:   139        SH:  0    Dex: 12    Spells: 6/15 levels left

rFire    x . .     SeeInvis .   h - +0 spear
rCold    + . .     Gourm    .   (no shield)
rNeg     + + +     Faith    .   a - +0 robe
rPois    ∞         Spirit   .   m - +0 helmet
rElec    .         Reflect  .   (no cloak)
rCorr    .         Harm     .   r - +0 pair of gloves (curse)
MR       .....                  (no boots)
Stlth    ++........             (no amulet)
HPRegen  0.14/turn              j - +3 ring of slaying
MPRegen  0.14/turn              (no ring)

@: very slightly contaminated
A: no food or potions, fire vulnerability, cold resistance 1, negative energy
resistance 3, torment resistance, unbreathing
a: no special abilities


You were on level 3 of the Dungeon.
You were not hungry.

You visited 1 branch of the dungeon, and saw 3 of its levels.

You collected 139 gold pieces.

Inventory:

Hand Weapons
 h - a +0 spear (weapon)
 n - a +1 vorpal hand axe
Missiles
 b - 16 arrows
 c - 4 atropa-tipped darts
 e - 173 stones
 i - 7 javelins
 p - 4 boomerangs
 s - 7 poisoned darts (quivered)
Armour
 a - a +0 robe (worn)
 m - a +0 helmet (worn)
 r - a cursed +0 pair of gloves (worn)
Jewellery
 j - a +3 ring of slaying (left hand)
Wands
 k - a wand of flame (1)
 u - a wand of paralysis (5)
Scrolls
 d - 2 scrolls of magic mapping {unknown}
 f - a scroll of fog {unknown}
 g - 2 scrolls of fear {unknown}
 l - a scroll of immolation {unknown}
 o - 2 scrolls of identify {unknown}
 q - a scroll of teleportation {unknown}
 t - a scroll of amnesia {unknown}


   Skills:
 + Level 2.2 Fighting
 - Level 2.0 Dodging
 - Level 2.0 Stealth
 + Level 5.3 Spellcasting
 + Level 5.2 Necromancy


You had 6 spell levels left.
You knew the following spells:

 Your Spells              Type           Power        Failure   Level  Hunger
a - Pain                  Necr           ###.         1%          1    N/A
b - Animate Skeleton      Necr           N/A          1%          1    N/A
c - Vampiric Draining     Necr           ###.......   5%          3    N/A
d - Animate Dead          Necr           N/A          17%         4    N/A

Your spell library contained the following spells:

 Spells                   Type           Power        Failure   Level  Hunger
 Agony                    Necr           ###.....     43%         5    N/A

Dungeon Overview and Level Annotations

Branches:
Dungeon (3/15)

Altars:
Qazlal


Innate Abilities, Weirdness & Mutations

You do not eat or drink.
Your flesh is vulnerable to fire.
You are immune to poison.
Your flesh is cold resistant. (rC+)
You are immune to negative energy. (rN+++)
You are immune to unholy pain and torment.
You can survive without breathing.


Message History

Casting: Pain (safe; 1% risk of failure)
Confirm with . or Enter, or press ? or * to list all spells.
Aiming: Pain (safe; 1% risk of failure)
Press: ? - help, Shift-Dir - straight line, f/p - orc priest
Aim: an orc priest, wielding a +0 spear and wearing a +0 ring mail (lightly wounded, chance to defeat MR: 80%)
The orc priest writhes in agony!
Your jackal zombie barely misses the orc priest.
The orc priest closely misses you.
Casting: Pain (safe; 1% risk of failure)
Confirm with . or Enter, or press ? or * to list all spells.
Aiming: Pain (safe; 1% risk of failure)
Press: ? - help, Shift-Dir - straight line, f/p - orc priest
Aim: an orc priest, wielding a +0 spear and wearing a +0 ring mail (severely wounded, chance to defeat MR: 80%)
The orc priest writhes in agony.
* * * LOW MAGIC WARNING * * *
Your jackal zombie barely misses the orc priest.
Your jackal zombie bites the orc priest but does no damage.
The orc priest invokes the aid of Beogh against you.
Beogh smites you!
You die...

## ##### .# #...##### .#
#.#.....# .#
#.#....%#########
.#######.#.....#Z.......
..............†oZ[......
########.#####)#@.....(.
########.#.#..o#........
))#....#.#.#.###........
#)#.##.#.#...###........
#.#.#....#.#...'........
#)#.#.....^..###........
#.#.#....#...# ########.
#.#†#.#..#...#
#.#.#.#..#...#


You could see an orc priest and 2 friendly jackal zombies.

Vanquished Creatures
  2 orc wizards (D:3)
  Terence (D:2)
  Natasha (thrice) (D:2)
  Robin (D:2)
  3 adders
  A worm (D:2)
  A dart slug (D:2)
  7 orcs (D:3)
  3 giant cockroaches
  2 hobgoblins (D:2)
  7 jackals
  2 kobolds
  2 quokkas
  8 bats
  5 frilled lizards
  14 goblins
  12 rats
74 creatures vanquished.

Notes
Turn   | Place    | Note
-------+----------+-------------------------------------------
     0 | D:1      | Devinter the Mummy Necromancer began the quest for the Orb.
     0 | D:1      | Reached XP level 1. HP: 13/13 MP: 4/4
    27 | D:1      | Learned a level 1 spell: Animate Skeleton
   214 | D:1      | You fall into a shaft and drop 1 floor!
   347 | D:1      | Reached XP level 2. HP: 19/19 MP: 3/5
   550 | D:1      | Reached skill level 3 in Spellcasting
   868 | D:2      | Noticed Terence
  1023 | D:2      | Reached skill level 2 in Dodging
  1023 | D:2      | Reached skill level 2 in Stealth
  1047 | D:2      | Reached XP level 3. HP: 11/24 MP: 4/7
  1060 | D:2      | Noticed Robin
  1080 | D:2      | Killed Robin
  1410 | D:2      | HP: 2/24 [Terence/+1 vorpal hand axe (4)]
  1411 | D:2      | Killed Terence
  1411 | D:2      | Reached XP level 4. HP: 1/30 MP: 1/9
  1808 | D:2      | Reached skill level 4 in Spellcasting
  1824 | D:2      | Noticed Natasha
  1833 | D:2      | Killed Natasha
  1833 | D:2      | Reached skill level 5 in Necromancy
  1847 | D:2      | Learned a level 3 spell: Vampiric Draining
  1849 | D:2      | Noticed Natasha
  1852 | D:2      | Learned a level 4 spell: Animate Dead
  1966 | D:2      | Found a stormy altar of Qazlal.
  2081 | D:2      | Killed Natasha
  2081 | D:2      | Reached skill level 1 in Fighting
  2081 | D:2      | Reached XP level 5. HP: 24/37 MP: 2/12
  2229 | D:2      | Noticed Natasha
  2237 | D:2      | Killed Natasha
  2304 | D:3      | Reached skill level 5 in Spellcasting
  2321 | D:3      | Reached skill level 2 in Fighting
  2591 | D:3      | Reached XP level 6. HP: 33/44 MP: 13/13
  2619 | D:3      | Killed from afar by an orc priest

Levels and vault maps discovered:
D:1:      dpeg_arrival_boxes_within_box, layout_loops_ring
D:2:      layout_basic, nicolae_overflow_crystal_walls, first_ration,
          st_stairs_8, uniq_terence, uniq_robin, uniq_natasha
D:3:      layout_basic, gammafunk_temple_overflow_statue, kennysheep_minor_cross

Skill      XL: |  1  2  3  4  5 |
---------------+----------------+-----
Spellcasting   | 3 4 5 |  5.3
Dodging        | 2 |  2.0
Stealth        | 2 |  2.0
Necromancy     | 5 |  5.2
Fighting       | 1 2 |  2.2

Action                   |  1- 3 |  4- 6 || total
-------------------------+-------+-------++-------
Melee: Spear             |    26 |    62 ||    88
       Unarmed           |     5 |       ||     5
Throw: Dart              |       |     7 ||     7
 Cast: Pain              |    65 |    48 ||   113
       Animate Dead      |       |     2 ||     2
Evoke: Wand              |     4 |     4 ||     8
 Stab: Sleeping          |       |     1 ||     1
Armor: Robe              |     4 |    25 ||    29
Dodge: Dodged            |    27 |    47 ||    74

Table legend:
 A = Non-vault XP
 B = Vault XP
 C = Vault XP percentage of total XP
 D = Non-vault monster count
 E = Vault monster count
 F = Vault count percentage of total count
                 A         B        C        D         E       F
            +---------+---------+-------+---------+---------+-------
      Total |     292 |      95 |  24.5 |      66 |       8 |  10.8
            +---------+---------+-------+---------+---------+-------
        D:1 |      22 |       0 |   0.0 |      19 |       0 |   0.0
        D:2 |     130 |      95 |  42.2 |      28 |       8 |  22.2
        D:3 |     140 |       0 |   0.0 |      19 |       0 |   0.0
            +---------+---------+-------+---------+---------+-------
